Cogmind - Beta 15 @@@ ROGUE MODE // 2025.06.18 @ 16:26:57 Player: puppuppit Result: Destroyed by EZ-3FX(R) with Subdweller Beam Cannon Performance ------------- Evolutions (0) 0 Regions Visited (3) 600 Robots Destroyed (64) 320 Value Destroyed (1020) 1020 Prototype IDs (6) 120 Alien Tech Used (0) 0 Bonus (0) 0 TOTAL SCORE: 2060 Bonus ------- None Cogmind --------- Core Integrity 0/250 Matter 295/300 Energy 75/100 System Corruption 0% Temperature Cool (31) Movement Rolling (110) Ox2 Location -10/Subcaves Parts ------- > --- POWER (1) -------- (None) > --- PROPULSION (2) --- Wheel > --- UTILITY (2) ------ Scrap Shield > --- WEAPON (2) ------- Advanced Beam Cannon Advanced Beam Cannon > --- INVENTORY (5) ---- Improved Aluminum Leg Improved Aluminum Leg Improved Aluminum Leg High-capacity Matter Pod (200) Improved Terrain Scanner Peak State ------------ > --- POWER ------------ Light Ion Engine > --- PROPULSION ------- Compact Wheel Compact Wheel > --- UTILITY ---------- Large Storage Unit Splice Drone Bay > --- WEAPON ----------- Advanced Beam Cannon Advanced Beam Cannon > --- INVENTORY -------- Improved Aluminum Leg Improved Aluminum Leg Improved Aluminum Leg Improved Aluminum Leg Wheel High-capacity Matter Pod Improved Terrain Scanner Medium Armor Plating Medium Armor Plating Advanced Beam Cannon Heavy Assault Rifle Heavy Assault Rifle Heavy Assault Rifle Heavy Assault Rifle Rocket Launcher [Rating: 20] Favorites ----------- Power Ion Engine Engine Ion Engine Propulsion Light Treads Treads Light Treads Leg Improved Aluminum Leg Wheel Compact Wheel Utility Small Storage Unit Device Improved Heat Sink Storage Small Storage Unit Protection Medium Armor Plating Weapon Advanced Beam Cannon Energy Gun EM Pulse Gun Energy Cannon Advanced Beam Cannon Ballistic Gun Assault Rifle Launcher Rocket Launcher Build | -11 -10 -10 -10 ------- Run | Yrd Mat Min Sub Slots Evolved . | . . . . Power . | . . . . Propulsion . | . . . . Utility . | . . . . Weapon . | . . . . Parts Attached 35 | 8 13 12 2 Power 5 | 1 2 2 . Engine 5 | 1 2 2 . Core . | . . . . Reactor . | . . . . Propulsion 11 | 3 2 6 . Treads 3 | 2 . 1 . Leg 2 | . 2 . . Wheel 6 | 1 . 5 . Hover . | . . . . Flight . | . . . . Utility 12 | 2 6 2 2 Device 7 | 1 5 1 . Storage 2 | 1 1 . . Processor . | . . . . Hackware . | . . . . Protection 3 | . . 1 2 Artifact . | . . . . Weapon 7 | 2 3 2 . Energy Gun 2 | 1 1 . . Energy Cannon 3 | . 2 1 . Ballistic Gun 1 | 1 . . . Ballistic Cannon . | . . . . Launcher 1 | . . 1 . Special Weapon . | . . . . Impact Weapon . | . . . . Slashing Weapon . | . . . . Piercing Weapon . | . . . . Special Melee Weapon . | . . . . Unidentified Prototypes 2 | . 1 1 . Parts Lost 8 | . 3 1 4 Power 2 | . 1 . 1 Propulsion 2 | . . 1 1 Utility 1 | . . . 1 Weapon 3 | . 2 . 1 Highest Loss Streak 3 | . 1 1 3 To Critical Strikes 1 | . . 1 . Average Backups 9 | . 7 15 13 Power . | . . . . Propulsion 3 | . 2 4 5 Utility 2 | . 2 4 4 Weapon 3 | . 2 5 3 Tool/Special . | . . . . Unused Backups 15 | . 6 1 8 Power . | . . . . Propulsion 5 | . 1 1 3 Utility 4 | . 3 . 1 Weapon 6 | . 2 . 4 Tool/Special . | . . . . Average Slot Usage (%) 97 | . 95 100 100 Engine 11 | . 10 14 14 Treads 12 | . 15 10 . Leg 8 | . 12 . . Wheel 6 | . . 17 28 Device 13 | . 14 14 4 Storage 14 | . 14 14 14 Energy Gun 2 | . 3 . . Energy Cannon 24 | . 22 28 28 Ballistic Gun 1 | . 2 . . Peak Build Rating 20 | 7 15 20 16 Average Rating 13 | 5 12 16 15 On Entrance 9 | . 7 15 16 Naked Turns . | . . . . Heaviest Build 38 | 15 34 34 38 Greatest Support 40 | 40 40 40 20 Greatest Overweight (x) 2 | 1 1 2 1 Average Overweight (x) . | . . . 1 Largest Inventory Capacity 15 | 8 15 15 15 Average Capacity 11 | 7 9 15 14 Most Carried 15 | . 15 15 15 Average Carried 9 | . 7 14 14 Final Capacity 15 | 8 15 15 5 Final Carried 15 | . 15 15 5 Class Distribution -------------------- 83% | Mutant 16% | Scavenger-Mutant Dominant Class ---------------- Mutant | -10/Materials Scavenger-Mutant | -10/Mines Mutant | -10/Subcaves Resources | -11 -10 -10 -10 ----------- Run | Yrd Mat Min Sub Matter Collected 1007 | 325 267 390 25 Remotely . | . . . . Salvage Created 2183 | 200 1326 619 38 Parts 137 | 14 93 28 2 Haulers Intercepted 2 | . 2 . . Recyclers Shooed 3 | 1 . 2 . Parts Field Recycled . | . . . . Retrieved Matter . | . . . . Parts Self-Destructed . | . . . . Prevented . | . . . . Kills | -11 -10 -10 -10 ------- Run | Yrd Mat Min Sub Combat Hostiles Destroyed 24 | . 18 5 1 Guns 6 | . 6 . . Cannons 11 | . 8 2 1 AOE 7 | . 4 3 . Classes Destroyed 10 | 3 6 . 1 Worker 7 | 2 3 2 . Builder 6 | . 5 1 . Tunneler 9 | 5 1 3 . Hauler 2 | . 2 . . Recycler 10 | 1 4 5 . Operator 3 | . 3 . . Watcher 3 | . 3 . . Swarmer 6 | . 3 3 . Grunt 17 | . 15 2 . Subdweller 1 | . . . 1 Best Kill Streak 6 | 6 5 4 1 Combat Bots Only 3 | . 2 3 1 Max Kills in Single Turn 3 | 1 3 3 1 Gunslinging . | . . . . Exploded 3 | . 2 3 . Melee . | . . . . Uniques/NPCs Destroyed . | . . . . Combat | -11 -10 -10 -10 -------- Run | Yrd Mat Min Sub Hostile Shots Fired 103 | . 61 25 17 Missed 19 | . 16 1 2 Hits 84 | . 45 24 15 Projectile 84 | . 45 24 15 AOE 2 | . . . 2 Critical Strikes 5 | . 1 2 2 Damage Taken 1387 | 34 559 280 514 Core 255 | . 137 35 83 Absorbed by Shields . | . . . . Core Remaining (%) 100 | 100 . . . Volleys Fired 129 | 15 76 32 6 Largest 2 | 2 2 2 2 Hottest 136 | 60 136 136 136 Shots Fired 248 | 30 143 63 12 Gun 93 | 30 63 . . Cannon 154 | . 80 62 12 Launcher 1 | . . 1 . Special . | . . . . Kinetic 40 | 15 25 . . Thermal 160 | . 86 62 12 Explosive 1 | . . 1 . Electromagnetic 47 | 15 32 . . Robot Hit Streak 11 | 5 9 10 11 Robot Miss Streak 4 | 2 4 4 1 Penetration Max . | . . . . Secondary Targets . | . . . . Shots Hit Robots 150 | 18 81 41 10 Core Hits 73 | 8 50 14 1 Critical Kills 3 | . 1 2 . Critical Parts Destroyed . | . . . . Critical Strikes 3 | . 1 2 . Meltdown 3 | . 1 2 . Melee Attacks . | . . . . Impact . | . . . . Slashing . | . . . . Piercing . | . . . . Sneak Attacks . | . . . . Combat Hostiles . | . . . . Follow-up Attacks . | . . . . Damage Inflicted 3194 | 281 1734 975 204 Guns 765 | 237 528 . . Cannons 1902 | . 879 819 204 Explosions 527 | 44 327 156 . Melee . | . . . . Ramming . | . . . . Kinetic 306 | 119 187 . . Thermal 2314 | 44 1247 819 204 Explosive 156 | . . 156 . Electromagnetic 418 | 118 300 . . Impact . | . . . . Slashing . | . . . . Piercing . | . . . . Highest Corruption . | . . . . Average Corruption . | . . . . Corruption Purged . | . . . . Corruption Blocked . | . . . . Overload Shots . | . . . . Overflow Damage 41 | 14 . 27 . Projectiles 27 | . . 27 . Explosions 14 | 14 . . . Melee . | . . . . Knockbacks . | . . . . Impact . | . . . . Kinetic . | . . . . Secondary . | . . . . Self-Inflicted Damage 131 | 34 97 . . Shots 3 | 1 2 . . Rammed . | . . . . Targets Rammed . | . . . . Kicked . | . . . . Crushed . | . . . . Highest Temperature 300 | 12 300 268 73 Average Temperature 61 | 12 67 59 39 Received Heat Transfer 477 | . 219 147 111 Effects 1 | . 1 . . Interference 1 | . 1 . . Siege Activations . | . . . . Martial Activations . | . . . . Shielding Activations . | . . . . Robots Disrupted . | . . . . Combat Hostiles . | . . . . Robots Corrupted . | . . . . Combat Hostiles . | . . . . Parts Fried . | . . . . Impact Corruptions . | . . . . Robots Melted 3 | . 1 2 . Combat Hostiles . | . . . . Parts Melted 8 | . 3 5 . Heat Transferred 3904 | 50 2004 1480 370 Parts Sabotaged . | . . . . Parts Stolen . | . . . . Parts Stripped . | . . . . Power Chain Reactions 4 | 1 3 . . Alert | -11 -10 -10 -10 ------- Run | Yrd Mat Min Sub Maximum Alert Level . | . . . . Low Security (%) 100 | 100 100 100 . Level 1 . | . . . . Level 2 . | . . . . Level 3 . | . . . . Level 4 . | . . . . Level 5 . | . . . . High Security . | . . . . Max Security . | . . . . Peak Influence 179 | 15 179 112 . Initial 44 | . . 44 . Average 82 | 2 109 37 . Influence Increases 906 | 40 683 183 . Destroy 0b10 Robot/C 460 | . 360 100 . Destroy 0b10 Robot/NC 200 | 40 105 55 . Destroy Leader 100 | . 80 20 . Successful Hack 7 | . 7 . . Select Force Hacks 60 | . 60 . . Disable Machine 45 | . 45 . . Destroy Structure 19 | . 11 8 . Lose Combat Pursuer 15 | . 15 . . Influence Decreases 906 | 40 568 298 . Entered New Map 71 | . . 71 . Time Decay 795 | 40 538 217 . Lost Part 40 | . 30 10 . Squads Dispatched 4 | . 4 . . Investigation 3 | . 3 . . Extermination . | . . . . Reinforcement 1 | . 1 . . Assault . | . . . . Garrison . | . . . . Intercept . | . . . . Searches Triggered . | . . . . Construction Impeded . | . . . . Haulers Reinforced . | . . . . Active Scanning Responses . | . . . . Cargo Convoy Interrupts . | . . . . Stealth | -11 -10 -10 -10 --------- Run | Yrd Mat Min Sub Distress Signals . | . . . . Communications Jammed . | . . . . Distress Signals . | . . . . Times Spotted 41 | . 27 5 9 Peak Tracking Total 7 | . 3 3 7 Tactical Retreats 1 | . 1 . . Traps | -11 -10 -10 -10 ------- Run | Yrd Mat Min Sub Traps Triggered . | . . . . Indirectly . | . . . . Trap Hack Attempts . | . . . . Triggered . | . . . . Disarmed . | . . . . Reprogrammed . | . . . . Reused . | . . . . Traps Extracted . | . . . . Installed . | . . . . Triggered . | . . . . Machines | -11 -10 -10 -10 ---------- Run | Yrd Mat Min Sub Machines Disabled 3 | . 3 . . Max in Single Turn 1 | . 1 . . Machines Repaired . | . . . . Machines Dismantled . | . . . . Machines Sabotaged . | . . . . Overloaded Fab Kills . | . . . . Hacking | -11 -10 -10 -10 --------- Run | Yrd Mat Min Sub Machines Accessed 11 | . 9 1 1 Terminals 7 | . 7 . . Fabricators . | . . . . Repair Stations . | . . . . Recycling Units 2 | . 2 . . Scanalyzers . | . . . . Garrison Access . | . . . . Total Hacks 25 | . 21 1 3 Successful 17 | . 13 1 3 Failed 7 | . 7 . . Catastrophic 3 | . 3 . . Database Lockouts 1 | . 1 . . Manual 13 | . 13 . . Terminals 18 | . 18 . . Fabricators . | . . . . Repair Stations . | . . . . Recycling Units 3 | . 3 . . Scanalyzers . | . . . . Garrison Access . | . . . . Terminal Hacks 9 | . 5 1 3 Record 3 | . . . 3 Robot Analysis 1 | . 1 . . Prototype ID Bank 2 | . 2 . . Open Door 1 | . . 1 . Terminal Index 1 | . 1 . . Locate Traps 1 | . 1 . . Fabricator Hacks . | . . . . Repair Station Hacks . | . . . . Recycling Unit Hacks 1 | . 1 . . Retrieve Components 1 | . 1 . . Scanalyzer . | . . . . Garrison Access Hacks . | . . . . Unauthorized Hacks 7 | . 7 . . Terminals 5 | . 5 . . Botnet 5 | . 5 . . Fabricators . | . . . . Repair Stations . | . . . . Recycling Units 2 | . 2 . . Tunnel 2 | . 2 . . Scanalyzers . | . . . . Garrison Access . | . . . . Data Cores Recovered 2 | . 2 . . Used 2 | . 2 . . Hacking Detections 7 | . 7 . . Full Trace Events 1 | . 1 . . Feedback Events . | . . . . Feedback Blocked . | . . . . Robot Schematics Acquired . | . . . . Robots Built . | . . . . Authchips . | . . . . Time . | . . . . Total Robot Build Rating . | . . . . Part Schematics Acquired . | . . . . Parts Built . | . . . . Authchips . | . . . . Time . | . . . . Total Part Build Rating . | . . . . Parts Repaired . | . . . . Time . | . . . . Parts Recycled . | . . . . Recycled Matter . | . . . . Retrieved Matter . | . . . . Retrieved Components 3 | . 3 . . Parts Scanalyzed . | . . . . Part Schematics Acquired . | . . . . Parts Damaged . | . . . . Bothacking | -11 -10 -10 -10 ------------ Run | Yrd Mat Min Sub Used RIF Installer . | . . . . Robots Hacked . | . . . . Non-combat . | . . . . Combat . | . . . . Robot Hacks Applied . | . . . . Relay Couplers Released . | . . . . Fabnet Peak Effective % . | . . . . Robots Rewired . | . . . . Allies Hacked . | . . . . Hacks Repelled . | . . . . Allies | -11 -10 -10 -10 -------- Run | Yrd Mat Min Sub Total Allies . | . . . . Largest Group . | . . . . Highest-Rated Group . | . . . . Highest-Rated Ally . | . . . . Total Orders 2 | . . 2 . EXPLORE 1 | . . 1 . RETURN 1 | . . 1 . Ally Attacks . | . . . . Total Damage . | . . . . Kills . | . . . . Allies Corrupted . | . . . . Allies Melted . | . . . . Intel | -11 -10 -10 -10 ------- Run | Yrd Mat Min Sub Active Infowar (turns) 876 | 32 810 3 31 Terrain 442 | . 408 3 31 Structural 244 | . 244 . . Seismic 190 | 32 158 . . Robot Analysis Total 1 | . 1 . . Derelict Logs Recovered 1 | . . 1 . Drone Launches 6 | . . 6 . Drone Recoveries 6 | . . 6 . Exploration | -11 -10 -10 -10 ------------- Run | Yrd Mat Min Sub Turns Passed 2576 | 185 1611 655 125 Spaces Moved 1521 | 88 918 414 101 Core 4 | 4 . . . Treads 588 | 74 416 98 . Legs 502 | . 502 . . Wheels 427 | 10 . 316 101 Hover . | . . . . Flight . | . . . . Fastest Speed 50 | 50 120 95 95 Average Speed 131 | 146 141 113 95 Slowest Speed 190 | 160 190 160 95 Overloaded Moves . | . . . . Propulsion Burnouts . | . . . . Robots Hopped . | . . . . Potential Cave-ins . | . . . . Cave-ins Triggered . | . . . . Exploration Rate (%) 51 | 5 94 99 8 Regions Visited 3 Branch Regions 2 Pre-discovered Areas 2 | . 2 . . Known Exits Taken . | . . . . Unknown Exits Taken 3 | 1 1 1 . Scrap Searched 2 | . . 2 . Spaces Dug . | . . . . Terrain Destroyed 18 | 3 7 8 . Melee . | . . . . Projectile . | . . . . AOE 18 | 3 7 8 . Terrain Rammed . | . . . . Walls Destroyed . | . . . . Machines Disabled . | . . . . Actions | -11 -10 -10 -10 --------- Run | Yrd Mat Min Sub Total 1854 | 110 1090 535 119 Wait 102 | . 41 58 3 Move 1518 | 87 917 413 101 Hop . | . . . . Pick Up 32 | . 26 5 1 Fast Attach 11 | 7 3 . 1 Attach 2 | . . 1 1 Detach . | . . . . Swap 33 | 1 13 17 2 Drop 27 | . 14 9 4 Fire 129 | 15 76 32 6 Melee . | . . . . Ram . | . . . . Kick . | . . . . Crush . | . . . . Escape Stasis . | . . . . Rewire . | . . . . Trap . | . . . . Miscellaneous . | . . . . Route ------- -11/Scrapyard -10/Materials (discovered 5 exits: [*Mat x3] / *Min x2) -10/Mines (discovered 3 exits: [*Mat x2] / *Sub) -10/Subcaves (discovered 3 exits: Mat x2 / Rec) History --------- Turn | Location | Event 8 | -11/Scrapyard | Discovered new exit (range 16) 186 | -11/Scrapyard | Entered Materials 186 | -10/Materials | Discovered new exit (range 14) 301 | -10/Materials | Build established: Mutant 385 | -10/Materials | Discovered new exit (range 16) 776 | -10/Materials | Central database locked down 816 | -10/Materials | Discovered new exit (range 16) 1069 | -10/Materials | Core integrity fell below 50% 1108 | -10/Materials | Discovered new exit (range 8) 1366 | -10/Materials | Discovered new exit (range 16) 1797 | -10/Materials | Entered Mines 1907 | -10/Mines | Received a Rocket Launcher from a helpful Derelict 1909 | -10/Mines | Discovered new exit (range 7) 2133 | -10/Mines | Found the Drone Emporium 2139 | -10/Mines | Found Prototype Device 2139 | -10/Mines | Identified Splice Drone Bay 2192 | -10/Mines | Discovered new exit (range 45) 2195 | -10/Mines | Discovered new exit (range 56) 2415 | -10/Mines | Learned 4 Materials zone layouts 2452 | -10/Mines | Entered Subcaves 2475 | -10/Subcaves | Shifting Twisted Machinery released Sub. Monowheel 2484 | -10/Subcaves | Ambushed by Subdwellers from Twisted Machinery 2520 | -10/Subcaves | Visited Clippyterm 2523 | -10/Subcaves | Identified exit to Materials 2523 | -10/Subcaves | Identified exit to Recycling 2566 | -10/Subcaves | Shifting Twisted Machinery released Sub. Monowheel 2572 | -10/Subcaves | Ambushed by swarm of Subdwellers 2572 | -10/Subcaves | Ambushed by Subdwellers from Twisted Machinery 2572 | -10/Subcaves | Ambushed by Subdwellers from Twisted Machinery 2573 | -10/Subcaves | Core integrity fell below 20% 2577 | -10/Subcaves | Destroyed by EZ-3FX(R) with Subdweller Beam Cannon Last Messages --------------- ceiling. 72-DNJ(R) comes tumbling into view. 02572_ JS-B66(h): "The Subs are coming!" 02572_ Med. Armor Plating destroyed. 02572_ U9-ARS(R) angrily emerges from the Twisted Machinery. 02572_ AJ-OSW(R) angrily emerges from the Twisted Machinery. 02573_ HV Slug penetrates AJ-OSW(R). 02573_ AJ-OSW(R) knocked back. 02573_ HV Slug penetrates Wall. 02574_ EZ-3FX(R) emerges from the Twisted Machinery. 02574_ Lgt. Ion Engine destroyed. 02575_ L0-DRW(R) emerges from the Twisted Machinery. 02575_ Dropped Scrap Shield. 02575_ AJ-OSW(R) suffers critical hit (Destroy). 02575_ AJ-OSW(R) destroyed. 02576_ Dropped Lrg. Storage Unit. 02576_ Acquired Scrap Shield. 02576_ Wheel destroyed. Map ----- +----------------------------------------------------+ | ???????????????? %#"#?#?????????????????????????? | | ???????????????? ""? ??????????????????????????? | | ?????????????###& # ???????????????????????????? | | ????????????## !%= ""????????????????????????????? | | ????????????# && " "????????????????????????????? | | ?############ #?????????????????????????????? | | ?#"""## #???????????????????????????????? | | ?#"" ## & #????????????????????????????????? | | ?#"X =%#?????????????????????????????????? | | ?#"" "" !#??????? ?????????????????????????? | | ?#"""" ##???? ???????????????????????? | | ?####" ### #??????????????????????? | | ????# #???????????????????????????? | | ????# #???????????????????????????? | | ????# # #????##?????????????????????? | | ##### " "### ##???#"#?????????????????????? | | # ### ##??####????""##????????????????????? | | ## ""##???????????# #????????????????????? | | ???# ###???????????## ##???????????????????? | | #### ##??????????????# #???????????????????? | | # #######????????## %#???????????????????? | | # # ######??##%& #????????????????????? | | [[ = #### =%!?????????????????????? | | ### "" RR#?????????????????????? | | ## ### ## "" hR[R##????????????????????? | | #?# ## ### ### "" !@""#????????????????????? | | ??# #### #?## ## !R""#????????????????????? | | ??# ###?# ########" R"" ?????????????????? | | ??## ##???## ##????#" "" #???????????????? | | ???##??????### #????#""" "" #???????????????? | | ?????????????## #??""""" ""= #???????????????? | | ??????????????# #?"""" """" #???????????????? | | ?????????#????#####?"""" """ ##???????????????? | | ???#???????????????????# """" ##????????????????? | | ???????????????????????##??????#?????????????????? | | ??#??????????????????????????????????????????????? | | ?????????????????????????????????????????????????? | | ?????????????????????????????????????????????????? | | ?????????????????????????????????????????????????? | | ?????????????????????????????????????????????????? | | ?????????????????????????????????????????????????? | | ?????????????????????????????????????????????????? | | ????>????????????????????????????????????????????? | | ?????????????????????????????????????????????????? | | ?????????????????????????????????????????????????? | | ?????????????????????????????????????????????????? | | ?????????????????????????????????????????????????? | | ?????????????????????????????????????????????????? | | ?????????????????????????????????????????????????? | | ?????????????????????????????????????????????????? | +----------------------------------------------------+ Best States ------------- Heat Dissipation 39 Energy Generation 10 Energy Capacity 250 Matter Stores 300 Matter Capacity 300 Sight Range 16 Terrain Scan Range 16 Terrain Scan Density 10 Armor Coverage 225 Evasion (%) 55 Recoil Reduction 2 Item Schematics ----------------- None Robot Schematics ------------------ None Fabricated ------------ Nothing Repaired ---------- Nothing Alien Tech Used ----------------- None Achievements -------------- None Challenges ------------ None Game ------ Seed ExperimentalPlatingPendant Manual? 0 Play Time 00:17:42 Cumulative 302.9 hours Start 2025.06.18 @ 16:10:58 End 2025.06.18 @ 16:26:57 Sessions 1 Manual Loads 0 Difficulty Rogue Special Mode None Game No. 191 Rogue 191 Adventurer 0 Explorer 0 Win Type - Total 4 Types 2/0/1/1/0/0/0/0/0/0 Lore% 82 Gallery% 70 Achievement% 67 Wizard Run 0 Options --------- Layout 2 ASCII 0 Keyboard 1 Movement Vi Keybinds 0 Fullscreen 1 Font 16/Tamsyn Map View 55x47 Zoom Use 0% Tactical HUD 1 Map Filters NONE Filters NONE Steam 0 RUN: af6a7209-cc40-4216-af77-fffb7c03426e